Map: Vaani Research Station (Void)

Players

PsychOking - Winner!

  • Race: Protoss Protoss
  • League: Diamond
  • Spawn Location: 6:00

Musumeci

  • Race: Zerg Zerg
  • League: Diamond
  • Spawn Location: 12:00

VOD

Have the link to the VOD?

Description

Time

  • Played on: Dec. 27, 2016, 10:18 a.m.
  • Length: 12:46
Show
View Real Time Build Order
Export as new Build Order

PsychOking Protoss - Winner!

Build Orders: Forge Fast Expand (FFE) 

Get SALT Encoding   

  12  0:01  Probe (Chrono Boost)  
  13  0:11  Probe (Chrono Boost)  
  14  0:19  Pylon  
  14  0:23  Probe (Chrono Boost)  
  15  0:37  Probe (Chrono Boost)  
  15  0:39  Forge  
  16  0:47  Probe (Chrono Boost)  
  17  0:58  Probe (Chrono Boost)  
  18  1:22  Pylon  
  18  1:28  Nexus  
  18  1:38  Probe (Chrono Boost)  
  19  1:52  Photon Cannon  
  19  1:55  Photon Cannon  
  19  1:56  Pylon  
  19  2:07  Photon Cannon  
  19  2:14  Photon Cannon  
  19  2:23  Photon Cannon  
  18  2:33  Probe (Chrono Boost)  
  18  2:41  Gateway  
  19  2:44  Probe (Chrono Boost)  
  19  2:55  Probe (Chrono Boost)  
  20  3:01  Probe (Chrono Boost)  
  20  3:05  Pylon, Probe (Chrono Boost)  
  22  3:06  Assimilator  
  22  3:12  Probe (Chrono Boost)  
  23  3:16  Probe (Chrono Boost)  
  23  3:19  Photon Cannon  
  24  3:22  Probe (Chrono Boost)  
  24  3:24  Pylon  
  25  3:27  Zealot  
  25  3:28  Probe (Chrono Boost)  
  28  3:37  Probe (Chrono Boost)  
  30  3:43  Probe (Chrono Boost)  
  30  3:46  Cybernetics Core  
  30  3:48  Photon Cannon  
  30  3:49  Probe (Chrono Boost)  
  30  3:54  Probe (Chrono Boost)  
  32  4:00  Assimilator  
  32  4:02  Probe (Chrono Boost)  
  33  4:07  Pylon, Probe (Chrono Boost)  
  34  4:11  Assimilator  
  34  4:12  Probe (Chrono Boost)  
  35  4:18  Probe (Chrono Boost)  
  35  4:19  Assimilator  
  36  4:25  Probe (Chrono Boost)  
  36  4:29  Mothership Core (Chrono Boost)  
  39  4:36  Probe (Chrono Boost)  
  40  4:43  Pylon  
  40  4:45  Stargate  
  40  4:46  Probe (Chrono Boost)  
  40  4:48  Probe (Chrono Boost)  
  42  4:57  Probe (Chrono Boost)  
  43  5:01  Photon Cannon  
  43  5:07  Photon Cannon  
  43  5:24  Probe (Chrono Boost)  
  43  5:26  Phoenix  
  44  5:29  Probe (Chrono Boost)  
  48  5:37  Warp Gate, Protoss Ground Weapons Level 1, Probe (Chrono Boost)  
  48  5:39  Probe (Chrono Boost)  
  49  5:44  Nexus  
  49  5:48  Pylon  
  49  5:49  Phoenix, Robotics Facility  
  52  5:57  Probe (Chrono Boost)  
  52  5:58  Probe (Chrono Boost)  
  52  6:01  Pylon  
  53  6:08  Gateway, Probe (Chrono Boost)  
  55  6:12  Probe (Chrono Boost)  
  55  6:14  Phoenix  
  57  6:22  Photon Cannon  
  57  6:23  Gateway  
  57  6:26  Probe (Chrono Boost)  
  57  6:28  Probe (Chrono Boost)  
  57  6:29  Twilight Council  
  59  6:37  Gateway, Probe (Chrono Boost)  
  59  6:39  Observer  
  62  6:40  Probe (Chrono Boost)  
  62  6:43  Phoenix  
  64  6:48  Probe (Chrono Boost)  
  64  6:51  Probe (Chrono Boost)  
  66  6:58  Probe (Chrono Boost)  
  67  7:02  Robotics Bay  
  67  7:05  Photon Cannon, Probe x2 (Chrono Boost)  
  69  7:09  Probe (Chrono Boost)  
  69  7:15  Immortal  
  74  7:16  Probe x2 (Chrono Boost)  
  76  7:27  Probe (Chrono Boost)  
  76  7:28  Probe (Chrono Boost)  
  78  7:32  Photon Cannon  
  78  7:34  Assimilator  
  78  7:36  Phoenix  
  80  7:38  Assimilator  
  80  7:41  Probe x2 (Chrono Boost)  
  80  7:42  Sentry x2  
  80  7:43  Stalker, Sentry  
  90  7:56  Colossus  
  96  7:58  Protoss Ground Weapons Level 2  
  96  7:59  Probe x2 (Chrono Boost)  
  96  8:00  Blink  
  96  8:02  Probe (Chrono Boost)  
  99  8:09  Probe (Chrono Boost)  
  101  8:12  Probe (Chrono Boost)  
  101  8:15  Pylon  
  101  8:19  Pylon  
  101  8:31  Extended Thermal Lance  
  101  8:34  Probe (Chrono Boost)  
  102  8:35  Stalker x3  
  102  8:38  Probe x2 (Chrono Boost)  
  102  8:41  Pylon  
  110  8:43  Nexus  
  110  8:46  Pylon  
  110  9:07  Stargate  
  110  9:09  Fleet Beacon  
  110  9:10  Photon Cannon  
  110  9:11  Photon Cannon  
  110  9:14  Stargate  
  110  9:15  Photon Cannon  
  110  9:16  Stalker x2  
  110  9:17  Stalker x2  
  117  9:33  Probe (Chrono Boost)  
  117  9:34  Probe x2 (Chrono Boost)  
  117  9:37  Gateway  
  120  9:39  Gateway, Protoss Air Weapons Level 1  
  120  9:40  Gateway  
  120  9:43  Stalker x4  
  129  9:46  Probe (Chrono Boost)  
  129  9:52  Pylon  
  129  9:53  Pylon  
  129  9:54  Colossus  
  129  9:57  Probe (Chrono Boost)  
  136  10:13  Stalker x4  
  144  10:30  Pylon  
  150  10:38  Carrier  
  156  10:44  Pylon  
  156  10:49  Forge  
  156  10:55  Photon Cannon  
  156  10:56  Photon Cannon  
  156  10:57  Carrier  
  156  10:58  Assimilator  
  156  11:01  Gateway  
  162  11:14  Nexus  
  162  11:16  Gateway  
  162  11:17  Carrier, Pylon x2  
  168  11:20  Pylon  
  168  11:30  Stalker x2  
  172  11:34  Colossus  
  178  11:41  Pylon  
  178  11:43  Pylon  
  178  11:45  Pylon  
  178  11:47  Pylon  
  178  11:50  Stalker x3  
  184  12:10  Stalker  
  184  12:11  Stalker  
  180  12:20  Mothership Core (Chrono Boost)  
  182  12:34  Assimilator  
Show
View Real Time Build Order
Export as new Build Order

Musumeci Zerg 

Build Orders: Hatch First 

Get SALT Encoding   

  12  0:01  Drone  
  13  0:08  Drone  
  14  0:17  Extractor  
  14  0:18  Drone  
  15  0:42  Hatchery  
  14  0:47  Extractor  
  14  0:48  Drone  
  15  1:08  Spawning Pool  
  14  2:05  Zergling x2  
  14  2:06  Zergling x2  
  13  2:48  Zergling x12  
  16  3:04  Drone  
  16  3:05  Drone  
  15  3:15  Drone x2  
  17  3:20  Queen  
  17  3:21  Drone  
  20  3:42  Drone, Evolution Chamber  
  20  3:44  Extractor  
  20  3:45  Drone  
  20  3:50  Overlord  
  20  4:08  Drone x2  
  20  4:09  Drone x3  
  25  4:26  Drone x3  
  28  4:38  Overlord  
  24  5:15  Drone  
  24  5:16  Drone x8  
  33  5:27  Drone  
  33  5:28  Drone  
  35  5:32  Spore Crawler  
  35  5:34  Queen, Spore Crawler  
  34  5:38  Metabolic Boost  
  34  5:59  Hatchery  
  33  6:10  Zergling x8, Extractor  
  36  6:22  Lair  
  36  6:25  Overlord x4  
  36  6:44  Zerg Melee Weapons Level 1  
  36  6:46  Drone x6  
  42  6:55  Extractor  
  40  7:03  Zergling x14  
  42  7:24  Drone x3  
  44  7:37  Drone x9  
  44  7:43  Spore Crawler  
  50  7:56  Drone x6  
  55  8:00  Spore Crawler  
  55  8:04  Spore Crawler  
  55  8:05  Extractor  
  52  8:19  Hydralisk Den  
  51  8:20  Zergling x2  
  51  8:21  Zergling x14  
  59  8:31  Drone x5  
  59  8:34  Queen  
  64  8:38  Zerg Missile Weapons Level 1  
  66  8:46  Overlord x6  
  58  9:25  Zergling x26  
  67  9:37  Spire  
  66  9:39  Zergling x16  
  74  9:57  Drone x6  
  59  10:32  Overlord x2  
  59  10:34  Drone x2  
  59  10:35  Drone x2  
  63  10:40  Extractor  
  63  10:41  Extractor  
  61  10:51  Hatchery, Corruptor x12  
  84  11:02  Zergling x8  
  88  11:05  Zergling x4  
  90  11:12  Zergling x6  
  93  11:22  Zergling x12  
  99  11:31  Drone x3  
  102  11:36  Corruptor x3  
  98  12:13  Corruptor x6  
  98  12:14  Corruptor x3  
  106  12:31  Drone x3  
Tags
 
Add a new tag
Caveats
  • Supply blocks, unpowered buildings, or Contaminate may cause inaccurate times.
  • Supply counts are checked every 10 seconds.